Unix NetHack Version 5.0.0-0 post-release - last build May 17 2026 04:57:42 (dc50c8380fa5e20985bfe3072449f57b8d9895ef,branch:main).

Game began 2026-05-19 03:23:47, ended 2026-05-19 04:21:53.

Brudee, chaotic female human Monk

         ---
       ---.--
       |...*|
     ---....|
     |......---                           ---
     |........|         ---              -..
     --.|.....--         .              -..
      ----.....---       .-  -----    --(%-
        --...0...--     -.|---.|.---  ...-----
        |.........----  |.|.|......--...%....|
       --..........|.-- |....................#-
       |..............| |....D@#.o............|
       --..|.....|...-|--.|..---[..[..........|    --
        ------..---.%.--o.|--- |....................|
             |.).--.|..[.--    --...| | .........----
             |......----.---   --[..| |    ......-
             ---.....---.<.|   |(.....|       ....|
               --.....|....|   --....--         ..|
                ---..---...|    |...--            |
                  ---- -----    --.--
                                 ---
Brudee the Initiate             St:25 Dx:12 Co:13 In:10 Wi:15 Ch:5  Chaotic S:9436
Dlvl:9  $:0  HP:0(50) Pw:48(48) AC:5  Xp:8/2254 T:3965  Satiated Lev

Latest messages:
 You cough!
 What do you want to zap? [M or ?*] M
 Nothing happens.
 You can see again.
 Orcrist is flickering.
 Your eyes sting.
 Orcrist is quivering.
 You cough!
 You can see again.
 Orcrist is flickering.
 Your eyes sting.
 Orcrist is quivering.
 You cough!
 You are hit!
 What do you want to wield? [- W or ?*] -
 You are empty handed.
 Orcrist stops quivering.
 You can see again.
 You begin striking monsters with your gloved hands.
 You hit the green dragon!
 A crossbow bolt misses you.
 The Uruk-hai shoots 2 poisoned crude arrows!
 The 1st poisoned crude arrow misses the green dragon.
 You are hit by the 1st poisoned crude arrow.
 The poison doesn't seem to affect you.
 The 2nd poisoned crude arrow hits the green dragon.
 The poison doesn't seem to affect the green dragon.
 You hit the green dragon!
 You hit the green dragon!
 The Uruk-hai shoots 2 poisoned crude arrows!
 The 1st poisoned crude arrow hits the green dragon!
 The poison doesn't seem to affect the green dragon.
 The 2nd poisoned crude arrow misses the green dragon.
 You are hit by the 2nd poisoned crude arrow.
 The poison doesn't seem to affect you.
 The green dragon bites!
 The green dragon hits!
 The green dragon hits again!
 You hit the green dragon!
 You hit the green dragon!
 You are hit by a crossbow bolt!
 You see a gas cloud dissipate.
 You hit the green dragon!
 A crossbow bolt misses you.
 You hit the green dragon!
 You are hit by a crossbow bolt.
 The green dragon bites!
 You die...
 Do you want your possessions identified? [ynq] (y) y
 Do you want to see your attributes? [ynq] (y) q

Inventory:
 Weapons  (')')
  W - the blessed fireproof +3 Orcrist
 Armor    ('[')
  w - an uncursed rusty +0 helm of telepathy (being worn)
  I - an uncursed +0 pair of gauntlets of power (being worn)
  J - an uncursed +0 pair of kicking boots (being worn)
  b - an uncursed +1 robe (being worn)
 Scrolls  ('?')
  e - an uncursed scroll of create monster
 Potions  ('!')
  s - an uncursed potion of paralysis
  F - 2 potions of holy water
 Rings    ('=')
  V - an uncursed ring of regeneration (on right hand)
 Wands    ('/')
  M - a cursed wand of magic missile (0:0)
 Tools    ('(')
  q - an uncursed pair of lenses (being worn)

Brudee the Monk's attributes:

Background:
 You were an Initiate, a level 8 female human Monk.
 You were chaotic, on a mission for Huan Ti
 who was opposed by Shan Lai Ching (lawful) and Chih Sung-tzu (neutral).
 You were right-handed.
 You were in the Gnomish Mines, on level 9.
 You entered the dungeon 3965 turns ago.
 It was nighttime.
 There was a new moon in effect when your adventure ended.
 You had 2254 experience points, 306 more were needed to attain level 9.
 Your score was 9436 before end-of-game adjustments.

Basics:
 You had 0 out of 50 hit points.
 You had all 48 energy points (spell power).
 Your armor class was 5.
 Your wallet was empty.
 Autopickup was off.

Final Characteristics:
 Your strength was 25 (base:18/01, innate limit:18/100).
 Your dexterity was 12 (limit:18).
 Your constitution was 13 (peak:14, limit:18).
 Your intelligence was 10 (limit:18).
 Your wisdom was 15 (limit:18).
 Your charisma was 5 (limit:18).

Final Status:
 You were levitating.
 You were satiated.
 You were unencumbered.
 You were empty handed.
 You were skilled in martial arts.

Final Attributes:
 You were piously aligned.
 You were sleep resistant.
 You were poison resistant.
 You saw invisible.
 You were telepathic.
 You were warned.
 You were stealthy.
 You regenerated.
 You were guarded.
 Your spell casting was enhanced by wearing a robe.
 You were fast.
 You were lucky.
 You are dead (3rd time!).

Miscellaneous:
 You encountered 2 bones levels.
 Total elapsed playing time was 58 minutes and 4 seconds.

Major events:
 Turn
    1: Brudee the chaotic female human Monk entered the dungeon
  458: stole 4796 zorkmids worth of merchandise from Chibougamau's general store
  469: attained the rank of Novice (level 3)
  746: was bestowed with Ogresmasher by Huan Ti
  800: chose a runed dagger to be named "Sting"
  828: was bestowed with Orcrist by Huan Ti
  931: attained the rank of Initiate (level 6)
 1015: entered the Gnomish Mines
 1982: reached Mine Town
 2152: was bestowed with Trollsbane by Huan Ti
 2245: averted death (killed by an orc-captain)
 3941: averted death (killed by an Uruk-hai)
 3965: killed by a green dragon

Spells:
 Name                 Level Category     Fail Retention
 confuse monster        1   enchantment    0%  76%-100%
 force bolt             1   attack         0%  76%-100%

Skills:
 Fighting Skills
   martial arts       [Skilled]
 Weapon Skills
   broadsword         [Basic]
   morning star       [Unskilled]
   hammer             [Basic]
   quarterstaff       [Unskilled]
   spear              [Unskilled]
   crossbow           [Unskilled]
   shuriken           [Unskilled]
 Spellcasting Skills
   attack spells      [Unskilled]
   healing spells     [Basic]
   divination spells  [Unskilled]
   enchantment spells [Unskilled]
   clerical spells    [Unskilled]
   escape spells      [Unskilled]
   matter spells      [Unskilled]

Voluntary challenges:
 Character rerolling was not enabled.
 You followed a strict vegan diet.
 You never genocided any monsters.
 You never polymorphed an object.
 You never changed form.
 You used no wishes.
Achievements:
 You entered a shop.
 You attained the rank of Novice.
 You attained the rank of Initiate.
 You entered the Gnomish Mines.
 You entered Minetown.

 The Dungeons of Doom: levels 1 to 4
    Level 1:
       A fountain, a sink.
    Level 2:
       A general store, a fountain, a sink.
    Level 3:
       An altar to Huan Ti, a fountain.
    Level 4:
       Stairs down to The Gnomish Mines.
 The Gnomish Mines: levels 5 to 9
    Level 5:
    Level 6:
    Level 7:
       An altar to Huan Ti, some fountains, a grave.
       Final resting place for
          Doran-Sam-Hum-Mal-Law, killed by a fire ant.
    Level 8:
    Level 9: <- You were here.
       Final resting place for
          you, killed by a green dragon,
          Fletchius-Wiz-Elf-Mal-Cha, killed by an Uruk-hai.


Vanquished creatures:
  a ghost
  3 tengu
  a wolf
  a leprechaun
  5 orc-captains
 an iron piercer
  a horse
  a vampire bat
  3 lizards
  2 dingoes
  a dwarf leader
  a dust vortex
  a fire ant
  a wood nymph
  a Mordor orc
 12 Uruk-hai
  6 orc shamans
  3 rock piercers
  a rock mole
  3 fog clouds
  2 yellow lights
  5 gnome leaders
  2 gnomish wizards
  a Kop Lieutenant
  2 gray oozes
 an elf zombie
  a paper golem
  9 giant ants
  2 little dogs
  2 floating eyes
  a kitten
  7 dwarves
  a kobold leader
 10 hill orcs
  5 rothes
  a rabid rat
  3 giant bats
  2 Kop Sergeants
 an orc zombie
  a wererat
  a werejackal
  6 iguanas
 an acid blob
  a coyote
  a gas spore
  3 hobbits
  7 manes
  a large kobold
  a hobgoblin
  2 giant rats
  2 cave spiders
  2 brown molds
  a yellow mold
  3 green molds
  a red mold
 20 gnomes
  5 Keystone Kops
  2 geckos
  7 jackals
  a fox
  3 kobolds
  2 sewer rats
  7 grid bugs
  6 lichens
  4 newts
198 creatures vanquished.

No species were genocided or became extinct.

Game over:
                       ----------
                      /          \
                     /    REST    \
                    /      IN      \
                   /     PEACE      \
                  /                  \
                  |      Brudee      |
                  |       0 Au       |
                  |   killed by a    |
                  |   green dragon   |
                  |                  |
                  |                  |
                  |       2026       |
                 *|     *  *  *      | *
        _________)/\\_//(\/(/\)/\//\/|_)_______

Goodbye Brudee the Monk...

You died in The Gnomish Mines on dungeon level 9 with 9436 points,
and 0 pieces of gold, after 3965 moves.
You were level 8 with a maximum of 50 hit points when you died.

